 Dungeon Crawl Stone Soup version 0.18.1-8-gdd0e5ea (webtiles) character file.

61449 oplop the Fighter (level 14, -1/133 HPs)
             Began as a Minotaur Gladiator on May 22, 2016.
             Was a High Priest of Zin (penitent).
             Killed from afar by a raiju (20 damage)
             ... with a living lightning
             ... on level 8 of the Lair of Beasts.
             The game lasted 00:53:05 (23264 turns).

oplop the Fighter (Minotaur Gladiator)             Turns: 23264, Time: 00:53:05

Health: -1/133     AC: 14    Str: 19    XL:     14   Next: 60%
Magic:  20/20      EV: 15    Int:  9    God:    Zin [*]
Gold:   682        SH: 15    Dex: 15    Spells: 0 memorised, 13 levels left

rFire  + . .     SeeInvis .     a - +3 hand axe (flame)
rCold  + . .     Gourm    .     K - +0 scale mail
rNeg   . . .     Faith    .     Q - +0 shield (curse)
rPois  .         Spirit   .     c - +1 hat
rElec  .         Dismiss  .     j - +0 cloak
rCorr  .         Reflect  +     r - +0 pair of gloves
SustAt .         Harm     .     (no boots)
MR     +....                    P - +2 amulet of reflection
Stlth  ..........               N - ring of Virtue {rF+ rC+ Str-2 Int+4} (curse)
                                m - +2 ring of protection

@: invisible, somewhat resistant to hostile enchantments, extremely unstealthy
A: retaliatory headbutt, horns 2
a: Donate Gold, Renounce Religion


You were on level 8 of the Lair of Beasts.
You worshipped Zin.
Zin was demanding penance.
You were hungry.

You visited 3 branches of the dungeon, and saw 22 of its levels.
You also visited: Ice Cave.

You collected 1320 gold pieces.
You spent 506 gold pieces at shops.
You donated 132 gold pieces to Zin.

Inventory:

Hand Weapons
 a - a +3 hand axe of flaming (weapon)
 Y - a +1 battleaxe of freezing
Missiles
 d - a throwing net
 v - 17 javelins (quivered)
Armour
 c - a +1 hat (worn)
 j - a +0 cloak (worn)
 r - a +0 pair of gloves (worn)
 K - a +0 scale mail (worn)
 Q - a cursed +0 shield (worn)
Jewellery
 h - an uncursed ring of resist corrosion
 m - a +2 ring of protection (left hand)
 s - an uncursed ring of poison resistance
 t - an uncursed ring of flight
 E - an uncursed ring of protection from magic
 N - the cursed ring of Virtue (right hand) {rF+ rC+ Str-2 Int+4}
   (You bought it in a shop on level 11 of the Dungeon)

   [ring of strength]

   It affects your strength (-2).
   It affects your intelligence (+4).
   It protects you from fire.
   It protects you from cold.
   It has a curse placed upon it.
 P - a +2 amulet of reflection (around neck)
 Z - an uncursed ring of protection from cold
Wands
 g - a wand of paralysis (2/24)
 w - a wand of confusion (23/48)
 x - a wand of disintegration (7/24)
 C - a wand of enslavement (0/24)
 D - a wand of digging (19/24)
 L - a wand of acid (7/15)
 O - a wand of iceblast (4/15)
 R - a wand of digging (9/24)
 S - a wand of teleportation (5/9)
Scrolls
 b - 3 scrolls of blinking
 e - 2 scrolls of immolation
 i - a scroll of enchant armour
 n - 9 scrolls of identify
 o - 11 scrolls of remove curse
 u - 4 scrolls of fear
 y - a scroll of amnesia
 z - a scroll of recharging
 F - a scroll of magic mapping
 T - 4 scrolls of enchant weapon
 V - 2 scrolls of brand weapon
Potions
 l - a potion of invisibility
 p - 12 potions of curing
 A - a potion of might
 H - a potion of brilliance
 J - 2 potions of magic
 W - 3 potions of flight
 X - 2 potions of ambrosia
Books
 k - a Grand Grimoire

   Spells                             Type                      Level
   a - Monstrous Menagerie            Summoning                    7
   b - Summon Greater Demon           Summoning                    7
   c - Malign Gateway                 Summoning/Translocation      7
   d - Summon Horrible Things         Summoning                    8
Miscellaneous
 M - a legendary deck of defence {the Tomb}
Comestibles
 f - 17 bread rations
 q - 5 meat rations
 B - 4 royal jellies
 G - 30 fruits
 U - a beef jerky


   Skills:
 + Level 14.7 Fighting
 + Level 14.0 Axes
 - Level 5.0 Throwing
 - Level 10.2 Armour
 + Level 10.8 Dodging
 + Level 11.9 Shields
 + Level 10.5 Invocations


You had 13 spell levels left.
You didn't know any spells.

Dungeon Overview and Level Annotations

Branches:
Dungeon (13/15)            Temple (1/1) D:6            Lair (8/8) D:8
 Shoals (0/4) Lair:4       Spider (0/4) Lair:6        Slime (0/6) Lair:7
    Orc: D:9-12      Vaults: D:13-14

Altars:
Ashenzari
Cheibriados
Dithmenos
Elyvilon
Fedhas
Gozag
Nemelex Xobeh
Ru
Sif Muna
Trog
Vehumet
Xom
Zin
The Shining One

Shops:
D:6 !   D:11 =

Annotations:
D:12 Rupert
Lair:6 exclusion: oklob plant
Lair:8 1 runed door, exclusion: oklob plant


Innate Abilities, Weirdness & Mutations

You reflexively headbutt those who attack you in melee.
You have a pair of horns on your head.


Message History

Unknown command.
The raiju bursts into living lightning!
The living lightning hits you!
* * * LOW HITPOINT WARNING * * *
The raiju blinks!
Drink which item? (? for menu, Esc to quit)
You feel much better.
The raiju bursts into living lightning!
The living lightning misses you. The living lightning hits you!
* * * LOW HITPOINT WARNING * * *
The living lightning hits the polar bear.
The raiju blinks!
The polar bear growls angrily.
Drink which item? (? for menu, Esc to quit)
You fade into invisibility!
You hear a bark!
You block the warg's attack. You block the raiju's attack.
The raiju bursts into living lightning!
The living lightning hits you!
You die...

*,,,,,,*,* ##...........
**,,,,,,** ###.#...#.#.
#*,,,,,** ####.#####
#P*,*,** #### ########
##.*,** #..######..#.#..
**##...######..#.#.#..†.....
*,#.....hh##.†....#...†.....
**.......hh#h.........†.....
*,.....##.h@.##.....##....##
**...,**##..###....#.##.#.#
*.,,** ##.# ##..#########
*,,,* ### ##.# ***** ###


You could see a polar bear, 3 raiju, a warg and a black bear.

Vanquished Creatures
  Kirke (D:13)
  A frost giant (IceCv)
  An ice dragon (Lair:8)
  6 hydras
  2 death yaks
  Urug (Lair:2)
  A fire crab (Lair:8)
  Pikel (D:4)
  A hill giant (D:11)
  5 griffons
  2 ugly things
  A cyclops (D:9)
  8 black mambas
  9 elephants
  4 torpor snails
  An ice statue (IceCv)
  14 spiny frogs
  4 rime drakes
  9 komodo dragons
  3 trolls
  20 polar bears
  2 giant leeches (Lair:8)
  Grinder (D:5)
  A raiju (shapeshifter) (D:13)
  11 blink frogs
  A raiju (Lair:8)
  A wraith (D:10)
  2 basilisks
  34 yaks
  Eustachio (D:5)
  9 hippogriffs
  6 hogs (D:13)
  6 wyverns
  A hungry ghost (D:11)
  6 wargs (Lair:8)
  6 water moccasins
  A hell hound (Lair:8)
  15 porcupines
  Duvessa (D:5)
  3 ice beasts
  A slave (D:3)
  3 orc warriors
  A sky beast (D:8)
  5 black bears
  2 wasps (Lair:8)
  A necrophage (D:9)
  9 ogres
  6 centaurs
  28 wolves
  22 crocodiles
  Blork the orc (D:4)
  A gnoll sergeant (D:8)
  18 giant frogs
  Dowan (D:5)
  2 wyvern skeletons
  A scorpion (D:5)
  26 killer bees
  4 howler monkeys
  8 wights
  A troll skeleton (D:11)
  2 spriggan skeletons (D:11)
  3 giant frog zombies
  5 crimson imps
  Crazy Yiuf (D:7)
  3 giant frog skeletons
  7 orc priests
  16 hounds
  3 centaur skeletons (D:11)
  10 jellies
  8 orc wizards
  Jessica (D:2)
  10 iguanas
  7 worker ants
  6 sheep
  A hound zombie (D:5)
  A howler monkey zombie (D:11)
  A worker ant zombie (D:10)
  6 gnolls
  39 river rats
  17 adders
  4 shadow imps
  6 oozes
  An adder skeleton (D:4)
  10 worms
  3 dart slugs
  4 giant geckos
  41 orcs
  A giant cockroach (D:4)
  3 goblins
  3 hobgoblins
  18 jackals
  5 quokkas
  A ball python (D:3)
  9 bats
  A giant gecko skeleton (D:4)
  7 giant newts
  10 kobolds
  9 rats
  4 fungi
  A plant (Lair:8)
632 creatures vanquished.

Vanquished Creatures (collateral kills)
  A spiny frog (Lair:8)
  2 komodo dragons (Lair:8)
  A polar bear (Lair:8)
  A yak (Lair:8)
  A hippogriff (Lair:8)
  A crocodile (Lair:8)
7 creatures vanquished.

Vanquished Creatures (others)
  Nessos (Lair:8)
  2 slaves (D:4)
  13 fungi
  29 plants
45 creatures vanquished.

Grand Total: 684 creatures vanquished

Notes
Turn   | Place    | Note
--------------------------------------------------------------
     0 | D:1      | oplop the Minotaur Gladiator began the quest for the Orb.
     0 | D:1      | Reached XP level 1. HP: 18/18 MP: 0/0
   105 | D:1      | Reached XP level 2. HP: 10/25 MP: 1/1
   512 | D:1      | Reached XP level 3. HP: 26/30 MP: 2/2
   839 | D:2      | Reached XP level 4. HP: 13/38 MP: 3/3
  1042 | D:2      | Noticed Jessica
  1053 | D:2      | Killed Jessica
  1159 | D:2      | oplop: ??recite
  1159 | D:2      | beem: recite[1/5]: Causes various effects to chaotic, unclean, evil or heretical creatures in view. Four-turn action, with strength depending on piety and invocations. Effects scale from things like confusion and fear on humanoids, to smiting and instakilling chaotic creatures, to permanently blinding or paralysing heretic priests.
  1171 | D:2      | oplop: ??recite[2
  1171 | D:2      | beem: recite[2/5]: Abominations (chaotic, differently insane): damage, Ablutions (impure): damage, Apostates (intelligent): fear/confusion, god worshippers: blind/anti-caster, Anathema (unholy): fear/confusion/damage
  1171 | D:2      | oplop: ??recite[3
  1171 | D:2      | beem: recite[3/5]: You can do anything during the recitation that doesn't require your voice. Things that stop recite: spit poison, breathe * abilities, zin's abilities (including donate gold), t command, eating, drinking a potion, reading a scroll, casting a spell, or being silenced, paralysed, confused, slept, petrified (completely) or berserked.
  1171 | D:2      | oplop: ??recite[4
  1171 | D:2      | beem: recite[4/5]: !lg goetter xl=21 hupr 1 -tv:<0.5
  1171 | D:2      | oplop: ??recite[5
  1171 | D:2      | beem: recite[5/5]: https://crawl.develz.org/tavern/viewtopic.php?f=17&t=11449
  1373 | D:2      | Reached skill level 5 in Axes
  1473 | D:2      | Reached XP level 5. HP: 17/46 MP: 4/4
  1727 | D:3      | Found a deep blue altar of Sif Muna.
  1764 | D:3      | Found a sacrificial altar of Ru.
  1800 | D:3      | Found a shadowy altar of Dithmenos.
  2371 | D:4      | Noticed a slave
  2371 | D:4      | Noticed a slave
  2372 | D:4      | Noticed a slave
  2372 | D:4      | Noticed a slave
  2373 | D:4      | Noticed Pikel
  2381 | D:3      | Killed a slave
  2588 | D:4      | Reached skill level 5 in Dodging
  2736 | D:4      | Noticed an ogre
  2745 | D:4      | Killed an ogre
  2745 | D:4      | Reached XP level 6. HP: 34/53 MP: 5/5
  3037 | D:4      | Noticed Blork the orc
  3048 | D:4      | Killed Blork the orc
  3090 | D:4      | Reached skill level 5 in Fighting
  3485 | D:4      | Reached XP level 7. HP: 38/61 MP: 6/6
  3811 | D:4      | Killed Pikel
  3811 | D:4      | Reached XP level 8. HP: 25/71 MP: 7/7
  4282 | D:5      | Entered Level 5 of the Dungeon
  4282 | D:5      | Noticed Grinder
  4289 | D:5      | Killed Grinder
  4289 | D:5      | Reached skill level 1 in Shields
  4355 | D:5      | Identified the Incunabulum of Calling and Hexes
  4542 | D:5      | Noticed Eustachio
  4557 | D:5      | Killed Eustachio
  4612 | D:5      | Found a bloodstained altar of Trog.
  4645 | D:5      | Noticed Duvessa
  4645 | D:5      | Noticed Dowan
  4657 | D:5      | Killed Duvessa
  4662 | D:5      | Killed Dowan
  4763 | D:5      | Reached XP level 9. HP: 51/81 MP: 8/8
  4822 | D:5      | Found a deep blue altar of Sif Muna.
  4824 | D:5      | Found a glowing golden altar of the Shining One.
  5306 | D:6      | Found a staircase to the Ecumenical Temple.
  5350 | Temple   | Entered the Ecumenical Temple
  5360 | Temple   | Became a worshipper of Zin the Law-Giver
  5360 | Temple   | Reached * piety under Zin
  5540 | D:6      | Found a shimmering altar of Xom.
  5667 | D:6      | Reached ** piety under Zin
  5681 | D:6      | Reached skill level 5 in Shields
  5750 | D:6      | Found Fumalagam's Distillery.
  5754 | D:6      | Bought a potion of curing for 33 gold pieces
  5754 | D:6      | Bought a potion of curing for 33 gold pieces
  5769 | D:6      | Got a distressingly furry plate armour
  5780 | D:6      | Identified the +0 plate armour of the Burgomaster {MP+9 Dex+2} (You found it on level 6 of the Dungeon)
  6026 | D:7      | Found a sparkling altar of Nemelex Xobeh.
  6107 | D:7      | You fall through a shaft for 3 floors!
  6107 | D:10     | Entered Level 10 of the Dungeon
  6179 | D:9      | Noticed a cyclops
  6192 | D:9      | Killed a cyclops
  6543 | D:7      | Reached skill level 1 in Armour
  6545 | D:7      | Reached skill level 1 in Invocations
  6805 | D:6      | Reached XP level 10. HP: 91/91 MP: 10/10
  7044 | D:7      | Noticed Crazy Yiuf
  7048 | D:7      | Killed Crazy Yiuf
  7048 | D:7      | Reached skill level 10 in Axes
  7327 | D:8      | Found a shattered altar of Ashenzari.
  7443 | D:8      | Noticed a death yak
  7719 | D:8      | Found a staircase to the Lair.
  7831 | D:8      | HP: 3/92 [komodo dragon (19)]
  7833 | D:8      | Zin protects you from harm!
  8304 | Lair:1   | Entered Level 1 of the Lair of Beasts
  8517 | Lair:1   | Reached *** piety under Zin
  8656 | Lair:1   | Reached skill level 10 in Fighting
  8727 | Lair:1   | Noticed a spiny frog
  8735 | Lair:1   | Killed a spiny frog
  8848 | Lair:1   | Noticed an elephant
  8848 | Lair:1   | Noticed an elephant
  8867 | Lair:1   | Killed an elephant
  8877 | Lair:1   | Killed an elephant
  9005 | Lair:1   | Noticed an elephant
  9005 | Lair:1   | Noticed an elephant
  9009 | Lair:1   | Noticed an elephant
  9018 | Lair:1   | oplop: ,,мшефдшяу
  9018 | Lair:1   | oplop: ??vitalize
  9018 | Lair:1   | beem: vitalisation[1/1]: Protects you from sickness, poison, confusion, petrification, rot and stat drain while active, and boosts your stats (up to +9 each, depending on Invoc skill).
  9028 | Lair:1   | Killed an elephant
  9048 | Lair:1   | Killed an elephant
  9057 | Lair:1   | Killed an elephant
  9057 | Lair:1   | Reached skill level 5 in Armour
  9057 | Lair:1   | Reached XP level 11. HP: 19/101 MP: 13/13
 10149 | Lair:2   | You fall through a shaft!
 10212 | Lair:3   | Reached skill level 5 in Invocations
 10594 | D:5      | Reached skill level 5 in Throwing
 11099 | Lair:2   | Noticed Urug
 11130 | Lair:2   | Killed Urug
 11945 | Lair:4   | Found a staircase to the Shoals.
 12196 | Lair:4   | Reached **** piety under Zin
 12539 | Lair:4   | Noticed a griffon
 12553 | Lair:4   | Killed a griffon
 12553 | Lair:4   | Reached XP level 12. HP: 14/110 MP: 15/15
 12980 | Lair:4   | Found a glowing golden altar of the Shining One.
 13375 | Lair:5   | Noticed a death yak
 14022 | D:9      | Reached ***** piety under Zin
 14733 | D:11     | Found Zourgh's Jewellery Boutique.
 14736 | D:11     | Bought the cursed ring of Virtue {rF+ rC+ Str-2 Int+4} for 440 gold pieces
 14802 | D:11     | Noticed a five-headed hydra
 14819 | D:11     | Killed a one-headed hydra
 15719 | D:12     | Reached ****** piety under Zin
 15833 | D:12     | Noticed Rupert
 16102 | D:13     | Noticed Kirke
 16131 | D:13     | Noticed a sphinx
 16135 | D:13     | Killed Kirke
 16192 | D:13     | Noticed a death knight
 16902 | Lair:5   | Reached XP level 13. HP: 110/119 MP: 18/18
 17678 | Lair:6   | Reached skill level 10 in Shields
 17911 | Lair:6   | Found a shadowy altar of Dithmenos.
 17947 | Lair:6   | Found a hole to the Spider Nest.
 17968 | Lair:6   | Reached skill level 10 in Armour
 18747 | Lair:7   | Found a staircase to the Slime Pits.
 19586 | Lair:8   | Entered Level 8 of the Lair of Beasts
 19702 | Lair:8   | Was placed under penance by Zin
 19835 | Lair:8   | Found a frozen archway.
 19857 | Lair:8   | Zin protects you from harm!
 20191 | IceCv    | Entered an ice cave
 20320 | IceCv    | Reached XP level 14. HP: 104/132 MP: 20/20
 20602 | IceCv    | Reached skill level 10 in Dodging
 21395 | IceCv    | Noticed a frost giant
 21435 | IceCv    | Killed a frost giant
 21435 | IceCv    | Reached skill level 10 in Invocations
 21860 | Lair:8   | Identified a scroll of acquirement
 22439 | Lair:8   | Found a runed door.
 22931 | Lair:8   | Noticed Nessos
 22937 | Lair:8   | Killed Nessos
 23264 | Lair:8   | Killed from afar by a raiju

Skill      XL: |  1  2  3  4  5  6  7  8  9 10 11 12 13 14 |
---------------+-------------------------------------------+-----
Axes           | 4 5 6 7 8 9 11 12 13 14 | 14.0
Dodging        | 4 5 6 7 9 10 | 10.8
Fighting       | 3 4 5 6 7 9 10 11 12 14 | 14.7
Shields        | 3 6 7 9 11 | 11.9
Armour         | 1 5 7 9 10 | 10.2
Invocations    | 1 4 6 8 9 10 | 10.5
Throwing       | 4 5 |  5.0

Action                   |  1- 3 |  4- 6 |  7- 9 | 10-12 | 13-15 || total
-------------------------+-------+-------+-------+-------+-------++-------
Melee: War axe           |    55 |   132 |       |       |       ||   187
       Headbutt          |     5 |    23 |    47 |   218 |   309 ||   602
       Hand axe          |       |    10 |   203 |   894 |  1126 ||  2233
Throw: Javelin           |       |       |       |    17 |    42 ||    59
       Throwing net      |       |       |       |     5 |       ||     5
Invok: Vitalisation      |       |       |       |     4 |       ||     4
       Recite            |       |       |       |     2 |       ||     2
       Donate Gold       |       |       |       |     1 |       ||     1
Evoke: Wand              |       |       |     1 |    15 |     5 ||    21
  Use: Potion            |       |     4 |     6 |     4 |     4 ||    18
       Scroll            |       |       |    11 |    14 |     6 ||    31
 Stab: Held in net/web   |       |       |       |     3 |       ||     3
       Sleeping          |       |       |       |     1 |       ||     1
       Confused          |       |       |       |     2 |       ||     2
       Distracted        |       |       |       |       |     1 ||     1
       Betrayed ally     |       |       |       |       |     1 ||     1
  Eat: Chunk             |       |     8 |    10 |    26 |    22 ||    66
       Beef jerky        |       |       |     1 |     2 |       ||     3
       Pizza             |       |       |       |     1 |       ||     1
Armor: Leather armour    |    20 |    33 |    32 |     8 |       ||    93
       Scale mail        |       |       |       |   207 |   234 ||   441
Dodge: Dodged            |    42 |   110 |   107 |   417 |   407 ||  1083
Block: Buckler           |       |       |    32 |    58 |       ||    90
       Shield            |       |       |       |   337 |   662 ||   999
       Reflection        |       |       |       |     1 |     2 ||     3
